 Dungeon Crawl Stone Soup version 0.23-a0-61-g4bf3f6c (webtiles) character file.

3727 Amnesiac the Destroyer (level 9, -4/62 HPs)
             Began as a Mummy Conjurer on Aug 9, 2018.
             Was a Priest of Dithmenos.
             Slain by a centaur (6 damage)
             ... on level 9 of the Dungeon.
             The game lasted 00:16:38 (7823 turns).

Amnesiac the Destroyer (Mummy Conjurer)             Turns: 7823, Time: 00:16:38

Health: -4/62      AC:  6    Str: 11    XL:     9   Next: 92%
Magic:  17/22      EV:  6    Int: 17    God:    Dithmenos [***...]
Gold:   19         SH: 12    Dex: 13    Spells: 9/27 levels left

rFire    . . .     SeeInvis +   a - +1 long sword (slice)
rCold    + . .     Gourm    .   o - +0 large shield
rNeg     + + +     Faith    .   p - +1 ring mail {rF+}
rPois    ∞         Spirit   .   (no helmet)
rElec    .         Reflect  +   (no cloak)
rCorr    .         Harm     .   (no gloves)
MR       +....                  (no boots)
Stlth    ..........             k - +2 amulet of reflection
HPRegen  0.20/turn              j - ring of attention
MPRegen  0.18/turn              i - ring of see invisible

@: wreathed by umbra
A: no food or potions, fire vulnerability, cold resistance 1, negative energy
resistance 3, torment resistance, unbreathing
a: Shadow Step, Renounce Religion


You were on level 9 of the Dungeon.
You worshipped Dithmenos.
Dithmenos was most pleased with you.
You were not hungry.

You visited 2 branches of the dungeon, and saw 10 of its levels.

You collected 326 gold pieces.
You spent 307 gold pieces at shops.

Inventory:

Hand Weapons
 a - a +1 long sword of slicing (weapon)
Missiles
 c - 422 stones (quivered)
Armour
 o - a +0 large shield (worn)
 p - a +1 ring mail of fire resistance (worn)
Jewellery
 i - a ring of see invisible (right hand)
 j - a ring of attention (left hand)
 k - a +2 amulet of reflection (around neck)
Wands
 d - a wand of enslavement (8)
 f - a wand of iceblast (14)
 l - a wand of flame (16)
Scrolls
 b - 2 scrolls of amnesia {!r}
 e - 2 scrolls of blinking {!r}
 g - 4 scrolls of teleportation {!r}
 h - a scroll of magic mapping {!r}
 n - 3 scrolls of identify {!r}
 q - a scroll of enchant armour {!r}


   Skills:
 - Level 2.4 Fighting
 - Level 2.6 Dodging
 - Level 1.5 Stealth
 + Level 9.9 Spellcasting
 * Level 10.0 Conjurations


You had 9 spell levels left.
You knew the following spells:

 Your Spells              Type           Power        Failure   Level  Hunger
a - Magic Dart            Conj           ####         9%          1    N/A
b - Dazzling Spray        Conj/Hex       ####..       90%         3    N/A
c - Fulminant Prism       Conj/Hex       ####......   100%        4    N/A
d - Searing Ray           Conj           #####.       13%         2    N/A
e - Iskenderun's Mystic   Conj           #####...     65%         4    N/A
f - Force Lance           Conj/Tloc      ####....     100%        4    N/A

Your spell library contained the following spells:

 Spells                   Type           Power        Failure   Level  Hunger


Dungeon Overview and Level Annotations

Branches:
Dungeon (9/15)             Temple (1/1) D:4            Lair (0/6) D:8
    Orc: D:9-12

Altars:
Ashenzari
Cheibriados
Dithmenos
Elyvilon
Fedhas
Gozag
Hepliaklqana
Kikubaaqudgha
Makhleb
Nemelex Xobeh
Okawaru
Qazlal
Ru
Sif Muna
Trog
Uskayaw
Vehumet
Wu Jian
Xom
Yredelemnul
The Shining One

Shops:
D:6 !%[*!   D:7 ?

Annotations:
D:4 gold behind flame


Innate Abilities, Weirdness & Mutations

You do not eat or drink.
Your flesh is vulnerable to fire.
You are immune to poison.
Your flesh is cold resistant. (rC+)
You are immune to negative energy. (rN+++)
You are immune to unholy pain and torment.
You can survive without breathing.


Message History

Evoke which item? (* to show all) (? for menu, Esc to quit)
Aiming: Iceblast
Press: ? - help, Shift-Dir - straight line The mass of ice explodes!
The iceblast engulfs the porcupine.
You kill the porcupine!
Dithmenos accepts your kill.
Your Conjurations skill increases to level 10!
You hear a horrible gurgling sound!
You start resting.
A red ugly thing opens the door.
Really read
g - 5 scrolls of teleportation {!r}?
As you read the scroll of teleportation {!r}, it crumbles to dust.
You feel strangely unstable.
Evoke which item? (* to show all) (? for menu, Esc to quit)
Aiming: Iceblast
Press: ? - help, Shift-Dir - straight line, f - red ugly thing
Aim: a red ugly thing The mass of ice explodes!
The iceblast engulfs the red ugly thing.
The red ugly thing is moderately wounded.
Your surroundings suddenly seem different.
A centaur comes into view.
The centaur shouts!
The centaur wields a shortbow.
The centaur shoots an arrow.
The arrow hits you.
* * * LOW HITPOINT WARNING * * *
An adder zombie comes into view.
Found an arrow, a scroll of amnesia and 9 stones.
You block the adder zombie's attack. You block the adder zombie's attack.
Okay, then.
Evoke which item? (* to show all) (? for menu, Esc to quit)
Okay, then.
Evoke which item? (* to show all) (? for menu, Esc to quit)
Okay, then.
Okay, then.
Okay, then.
Casting: Searing Ray (safe; 13% risk of failure)
Confirm with . or Enter, or press ? or * to list all spells.
Okay, then.
Casting: Searing Ray (safe; 13% risk of failure)
Confirm with . or Enter, or press ? or * to list all spells.
Aiming: Searing Ray (safe; 13% risk of failure)
Press: ? - help, Shift-Dir - straight line
Okay, then.
Okay, then.
Casting: Searing Ray (safe; 13% risk of failure)
Confirm with . or Enter, or press ? or * to list all spells.
Okay, then.
Unknown command.
Unknown command.
You block the adder zombie's attack.
The centaur unwields an uncursed shortbow.
The centaur hits you.
* * * LOW HITPOINT WARNING * * *
Evoke which item? (* to show all) (? for menu, Esc to quit)
Aiming: Iceblast
Press: ? - help, Shift-Dir - straight line
Okay, then.
Okay, then.
Okay, then.
Really read
m - a scroll of torment {!r}?
As you read the scroll of torment {!r}, it crumbles to dust.
You feel a surge of unholy energy.
The centaur convulses!
The centaur hits you.
You die...

..u..#
#.......#
.....#
#.......#
....†+
#.......# .
....<#
###.......#
(. .....#
.........#.#
.....#
#.........#
+#####
#.......#
#.?(Zc..#
#...@...#
######.## #


You could see a centaur and an adder zombie.

Vanquished Creatures
  A hippogriff (D:7)
  Sigmund (D:5)
  A yak (D:8)
  A hungry ghost (D:7)
  Menkaure (D:6)
  Duvessa (D:5)
  A porcupine (D:9)
  A sky beast (D:5)
  A phantom (D:4)
  A black bear (D:7)
  A necrophage (D:7)
  5 ogres
  A centaur (D:6)
  2 crocodiles (D:7)
  2 bullfrogs
  Dowan (D:5)
  A scorpion (D:7)
  5 killer bees (D:7)
  8 wights (D:7)
  2 howler monkeys
  3 crimson imps
  3 centaur zombies
  4 jellies
  An orc priest (D:6)
  A bullfrog skeleton (D:7)
  3 orc wizards
  2 centaur skeletons
  4 iguanas
  Ijyb (D:5)
  3 worker ants
  A hound zombie (D:6)
  2 hound skeletons (D:7)
  A worker ant zombie (D:5)
  10 adders
  A shadow imp (D:7)
  2 oozes
  2 adder zombies (D:7)
  A dart slug (D:3)
  3 leopard geckos
  14 orcs
  2 giant cockroaches
  4 goblins
  7 hobgoblins
  2 jackals (D:1)
  3 quokkas
  4 bats
  5 frilled lizards
  A giant cockroach zombie (D:6)
  8 kobolds
  A quokka skeleton (D:6)
  A plant (D:8)
138 creatures vanquished.

Vanquished Creatures (others)
  A fungus (D:8)
  A plant (D:8)
2 creatures vanquished.

Grand Total: 140 creatures vanquished

Notes
Turn   | Place    | Note
-------+----------+-------------------------------------------
     0 | D:1      | Amnesiac the Mummy Conjurer began the quest for the Orb.
     0 | D:1      | Reached XP level 1. HP: 13/13 MP: 4/4
   248 | D:2      | Reached skill level 1 in Fighting
   248 | D:2      | Reached XP level 2. HP: 16/21 MP: 0/5
   252 | D:2      | Learned a level 2 spell: Searing Ray
   398 | D:4      | Found a staircase to the Ecumenical Temple.
   402 | Temple   | Entered the Ecumenical Temple
   580 | Temple   | Became a worshipper of Dithmenos the Shadowed
   731 | D:1      | Reached XP level 3. HP: 21/26 MP: 0/7
  1490 | D:2      | Found a blossoming altar of Fedhas.
  2060 | D:3      | Reached XP level 4. HP: 27/32 MP: 0/9
  2125 | D:3      | Reached * piety under Dithmenos
  2545 | D:3      | Learned a level 3 spell: Dazzling Spray
  2550 | D:3      | Learned a level 4 spell: Iskenderun's Mystic Blast
  2835 | D:4      | Reached skill level 4 in Conjurations
  2835 | D:4      | Reached XP level 5. HP: 30/38 MP: 5/10
  2884 | D:4      | Found a shattered altar of Ashenzari.
  3027 | D:4      | Noticed a phantom
  3061 | D:4      | Killed a phantom
  3256 | D:5      | Entered Level 5 of the Dungeon
  3263 | D:5      | Noticed an ogre
  3267 | D:5      | Reached XP level 6. HP: 41/46 MP: 8/12
  3269 | D:5      | Noticed Sigmund
  3355 | D:5      | Killed Sigmund
  3355 | D:5      | Reached skill level 5 in Spellcasting
  3355 | D:5      | Reached skill level 5 in Conjurations
  3369 | D:5      | Noticed Duvessa
  3382 | D:5      | Noticed Dowan
  3390 | D:5      | Killed Duvessa
  3390 | D:5      | Reached XP level 7. HP: 22/51 MP: 1/15
  3678 | D:5      | Killed Dowan
  3704 | D:5      | Noticed Ijyb
  3748 | D:4      | Reached skill level 6 in Conjurations
  3780 | D:4      | Learned a level 4 spell: Fulminant Prism
  3930 | D:4      | Learned a level 4 spell: Force Lance
  3982 | D:5      | HP: 2/51 [acid (11)]
  4448 | D:5      | Killed Ijyb
  4620 | D:5      | Reached XP level 8. HP: 54/57 MP: 5/17
  5097 | D:6      | Found Reucay's Distillery.
  5118 | D:6      | Reached ** piety under Dithmenos
  5126 | D:6      | Reached skill level 7 in Conjurations
  5236 | D:6      | Found Loulaj's Armour Emporium.
  5260 | D:6      | Found Wida Laure's General Store.
  5265 | D:6      | Bought a scroll of enchant armour for 105 gold pieces
  5584 | D:6      | Found Vabod's Food Boutique.
  5632 | D:6      | Found Daamytw Nues's Distillery.
  5650 | D:6      | Noticed Menkaure
  5659 | D:6      | Killed Menkaure
  5721 | D:6      | Found a deep blue altar of Sif Muna.
  5891 | D:7      | Noticed a hippogriff
  5909 | D:7      | Killed a hippogriff
  5909 | D:7      | Reached skill level 8 in Conjurations
  6269 | D:7      | Reached XP level 9. HP: 53/62 MP: 16/21
  6433 | D:7      | Found a hide-covered altar of Uskayaw.
  6433 | D:7      | Found a snail-covered altar of Cheibriados.
  6836 | D:7      | Noticed a five-headed hydra
  6924 | D:7      | Reached skill level 9 in Conjurations
  6989 | D:7      | Reached *** piety under Dithmenos
  7422 | D:7      | Found Ymiox's Magic Scroll Emporium.
  7426 | D:7      | Bought a scroll of blinking for 82 gold pieces
  7426 | D:7      | Bought a scroll of magic mapping for 38 gold pieces
  7426 | D:7      | Bought a scroll of torment for 82 gold pieces
  7781 | D:8      | Found a staircase to the Lair.
  7808 | D:8      | HP: 2/62 [porcupine (11)]
  7810 | D:9      | Reached skill level 10 in Conjurations
  7816 | D:9      | Noticed a red ugly thing
  7819 | D:9      | HP: 2/62 [centaur/arrow (2)]
  7823 | D:9      | Slain by a centaur

Vault maps used:
D:1:      matt_arrival_diagonals, minmay_misc_feat_tower
D:2:      fedhas_altar_1
D:3:      chequers_big_river, kennysheep_generic_room_10
D:4:      ashenzari_conservatory_becter, minmay_temple_entry_butterflies,
          serial_glass, glass_columns_a, glass_columns_c, glass_columns_a,
          glass_columns_c, lemuel_flame_loot_1
D:5:      first_ration, uniq_sigmund, uniq_ijyb, uniq_duvessa
D:6:      kennysheep_mini, serial_shops, shop,
          nicolae_shop_temple_entry_statues_fountains, shop, shop,
          shop_fountains, uniq_menkaure
D:7:      cheibrodos_fzero, amethyst_overflow_temple_binary, serial_shops,
          shop_statue
D:8:      minmay_lair_entry_grove, serial_shops, kennysheep_mini_moat
D:9:      overflow_temple_1_default
Temple:   eino_temple_scatter_basement

Skill      XL: |  1  2  3  4  5  6  7  8  9 |
---------------+----------------------------+-----
Dodging        | 2 |  2.6
Fighting       | 1 2 |  2.4
Spellcasting   | 3 4 5 6 8 9 |  9.9
Conjurations   | 4 5 6 8 10 | 10.0
Stealth        | |  1.5

Action                   |  1- 3 |  4- 6 |  7- 9 || total
-------------------------+-------+-------+-------++-------
Melee: Club              |     1 |       |       ||     1
       Long sword        |     9 |    30 |    69 ||   108
 Cast: Magic Dart        |    72 |    24 |    14 ||   110
       Searing Ray       |       |    12 |    68 ||    80
       Iskenderun's Myst |       |       |     7 ||     7
       Force Lance       |       |       |     3 ||     3
Evoke: Wand              |       |       |    14 ||    14
  Use: Scroll            |     4 |       |     7 ||    11
Armor: Robe              |     4 |     4 |     3 ||    11
       Ring mail         |       |       |    35 ||    35
Dodge: Dodged            |    17 |    37 |   107 ||   161
Block: Large shield      |       |       |    81 ||    81
       Other             |       |       |     2 ||     2
       Reflection        |       |       |     1 ||     1
       Rpst.: Long sword |     6 |    11 |    29 ||    46

Table legend:
 A = Non-vault XP
 B = Vault XP
 C = Vault XP percentage of total XP
 D = Non-vault monster count
 E = Vault monster count
 F = Vault count percentage of total count
 G = Total turns spent on level
                 A         B        C        D         E       F
            +---------+---------+-------+---------+---------+-------
      Total |    3551 |    1774 |  33.3 |     115 |      22 |  16.1
            +---------+---------+-------+---------+---------+-------
        D:1 |      20 |       0 |   0.0 |      11 |       0 |   0.0
        D:2 |      55 |       0 |   0.0 |      12 |       0 |   0.0
        D:3 |      57 |       1 |   1.7 |      17 |       1 |   5.6
        D:4 |     362 |       0 |   0.0 |       8 |       0 |   0.0
        D:5 |     674 |     481 |  41.6 |      18 |       4 |  18.2
        D:6 |     534 |     215 |  28.7 |      18 |       2 |  10.0
        D:7 |    1849 |     728 |  28.2 |      31 |      13 |  29.5
        D:8 |       0 |     206 | 100.0 |       0 |       1 | 100.0
        D:9 |       0 |     143 | 100.0 |       0 |       1 | 100.0
            +---------+---------+-------+---------+---------+-------
